 Dungeon Crawl Stone Soup version 0.29-a0-484-g0e957ee (webtiles) character file.

Game seed: 1303859973076161921

185781 Toastz the Wrestler (level 17, -6/176 HPs)
             Began as a Troll Fighter on May 25, 2022.
             Was the Champion of Qazlal.
             Killed from afar by a nagaraja (27 damage)
             ... with a bolt of poison
             ... on level 4 of the Snake Pit.
             The game lasted 01:39:55 (26254 turns).

Toastz the Wrestler (Troll Fighter)                Turns: 26254, Time: 01:39:56

Health: -6/176     AC: 21    Str: 34    XL:     17   Next: 82%
Magic:  22/22      EV: 12    Int:  4    God:    Qazlal [******]
Gold:   3443       SH: 32    Dex:  9    Spells: 16/16 levels left

rFire   + . .      SeeInvis .     - Unarmed
rCold   . . .      Faith    .   k - +3 tower shield {rF+}
rNeg    . . .      Spirit   .   D - +2 troll leather armour
rPois   x          Reflect  +   X - +2 hat {Stlth+}
rElec   .          Harm     .   y - +2 cloak {Stlth+}
rCorr   .          Rampage  .   (gloves unavailable)
Will    +....                   (boots unavailable)
Stlth   +.........              j - amulet of reflection
HPRegen 1.99/turn               I - +4 ring of evasion
MPRegen 0.18/turn               m - +4 ring of protection

@: lethally poisoned (-6 -> -36), poison vulnerable, protected from physical
damage, repel missiles
A: large, unfitting armour, claws 3, regeneration 1, shaggy fur 1, tough skin 1
a: Renounce Religion, Upheaval, Elemental Force, Disaster Area


You were on level 4 of the Snake Pit.
You worshipped Qazlal.
Qazlal was exalted by your worship.
You visited 4 branches of the dungeon, and saw 27 of its levels.
You visited the Abyss 2 times.
You also visited: Gauntlet and Ice Cave.

You collected 4371 gold pieces.
You spent 928 gold pieces at shops.

Inventory:

Missiles
 H - 7 curare-tipped darts
 M - 12 large rocks (quivered)
Armour
 a - the +1 cloak of Iwkor {-Cast rN++}
   (You found it on level 2 of the Snake Pit)

   rN:        It greatly protects you from negative energy.
   -Cast:     It prevents spellcasting.
 b - a +2 kite shield of poison resistance
 k - a +3 tower shield of fire resistance (worn)
 y - a +2 cloak of stealth (worn)
 D - a +2 troll leather armour (worn)
 X - a +2 hat of stealth (worn)
Jewellery
 e - a ring of flight
 j - an amulet of reflection (around neck)
 m - a +4 ring of protection (right claw)
 u - a ring of positive energy
 I - a +4 ring of evasion (left claw)
 R - an amulet of regeneration
 T - a ring of willpower
 U - the ring "Zophoxtep" {rElec rF+}
   (You found it on level 6 of the Lair of Beasts)

   [ring of protection from fire]

   rF:        It protects you from fire.
   rElec:     It insulates you from electricity.
Wands
 n - a wand of charming (13)
 C - a wand of polymorph (13)
 G - a wand of acid (21)
 J - a wand of iceblast (26)
 L - a wand of mindburst (27)
 S - a wand of paralysis (20)
 W - a wand of digging (7)
Scrolls
 g - 4 scrolls of blinking
 i - 5 scrolls of magic mapping
 l - 12 scrolls of teleportation
 v - 3 scrolls of silence
 x - 7 scrolls of poison
 z - 3 scrolls of vulnerability
 F - 2 scrolls of torment
 K - 6 scrolls of fog
 P - 3 scrolls of summoning
 V - 2 scrolls of fear
 Y - a scroll of immolation
Potions
 c - 9 potions of might
 f - 2 potions of berserk rage
 h - 3 potions of heal wounds
 o - 6 potions of resistance
 p - 19 potions of curing
 q - 5 potions of mutation
 r - 4 potions of invisibility
 s - 3 potions of lignification
 t - 5 potions of haste
 A - 5 potions of attraction
 B - a potion of ambrosia
 E - a potion of magic
 N - a potion of cancellation
Miscellaneous
 d - a lightning rod (4/4)
 w - a tin of tremorstones (2/2)
 O - a box of beasts


   Skills:
 - Level 13.0 Fighting
 - Level 5.0 Armour
 - Level 2.4 Dodging
 + Level 12.8 Shields
 + Level 23.6 Unarmed Combat
 - Level 8.0 Invocations


You had 16 spell levels left.
You didn't know any spells.
Your spell library contained the following spells:

 Spells                   Type           Power      Damage    Failure   Level
 Apportation              Tloc           0%         N/A       90%         1
 Magic Dart               Conj           0%         1d3       90%         1
 Necrotize                Necr           0%         1d4       90%         1
 Shock                    Conj/Air       0%         1d3       90%         1
 Sting                    Tmut/Pois      0%         1d3       90%         1
 Summon Small Mammal      Summ           0%         N/A       90%         1
 Call Imp                 Summ           0%         N/A       97%         2
 Passwall                 Tmut/Erth      0%         N/A       97%         2
 Poisonous Vapours        Pois/Air       0%         N/A       97%         2
 Static Discharge         Conj/Air       0%         N/A       97%         2
 Sublimation of Blood     Necr           0%         N/A       97%         2
 Wereblood                Tmut           0%         N/A       97%         2
 Call Canine Familiar     Summ           0%         N/A       99%         3
 Frozen Ramparts          Ice            0%         1d2       99%         3
 Gell's Gravitas          Tloc           0%         N/A       99%         3
 Lesser Beckoning         Tloc           0%         N/A       99%         3
 Mephitic Cloud           Conj/Pois/Air  0%         N/A       99%         3
 Portal Projectile        Hex/Tloc       0%         N/A       99%         3
 Summon Guardian Golem    Hex/Summ       0%         N/A       99%         3
 Swiftness                Air            0%         N/A       99%         3
 Teleport Other           Tloc           0%         N/A       99%         3
 Tukima's Dance           Hex            0%         N/A       99%         3
 Airstrike                Air            0%         N/A       100%        4
 Ice Form                 Ice/Tmut       0%         N/A       100%        4
 Leda's Liquefaction      Hex/Erth       0%         N/A       100%        4
 Olgreb's Toxic Radiance  Pois           0%         N/A       100%        4
 Petrify                  Tmut/Erth      0%         N/A       100%        4
 Summon Ice Beast         Ice/Summ       0%         N/A       100%        4
 Agony                    Necr           0%         N/A       100%        5
 Blade Hands              Tmut           0%         N/A       100%        5
 Irradiate                Conj/Tmut      0%         3d13      100%        5
 Lightning Bolt           Conj/Air       0%         1d11      100%        5
 Metabolic Englaciation   Hex/Ice        0%         N/A       100%        5
 Summon Forest            Summ/Tloc      0%         N/A       100%        5
 Eringya's Noxious Bog    Tmut/Pois      0%         N/A       100%        6
 Statue Form              Tmut/Erth      0%         N/A       100%        6
 Dragon Form              Tmut           0%         N/A       100%        7
 Summon Hydra             Summ           0%         N/A       100%        7
 Infestation              Necr           0%         N/A       100%        8
 Maxwell's Capacitive Co  Air            0%         ∞         100%        8


Dungeon Overview and Level Annotations

Branches:
Dungeon (15/15)            Temple (0/1) D:6            Lair (6/6) D:11
 Shoals (0/4) Lair:4        Snake (4/4) Lair:2        Slime (0/5) Lair:5
    Orc (2/2) D:11            Elf (0/3) Orc:2        Vaults (0/5) D:14
 Depths (0/4) D:15          IceCv (visited)         Gauntlet (visited)

Altars:
Cheibriados
Dithmenos
Hepliaklqana
Makhleb
Qazlal
Ru
Trog
Xom
Zin
Beogh
Jiyva
Lugonu

Shops:
D:2 ?   D:5 [   D:11 ?   Orc:2 *[=(   Snake:1 !*=   Snake:3 !

Portals:
Abyss: Lair:6

Annotations:
D:10 2 runed translucent doors
Snake:4 1 runed translucent door


Innate Abilities, Weirdness & Mutations

You are too large for most types of armour.
You have claws for hands.
Your natural rate of healing is unusually fast.
You are covered in fur. (AC +1)
You have tough skin. (AC +1)


Message History

You feel very sick.
The nagaraja is engulfed in freezing vapours.
The nagaraja casts a spell at you.
The poison arrow is repelled.
There is a stone staircase leading up here.
You feel very sick.
The nagaraja is engulfed in freezing vapours.
You block the nagaraja's attack. x4
You see here a salamander corpse.
The nagaraja attacks as you move away!
The nagaraja hits you with a +1 vampiric halberd!!
The nagaraja draws strength from your wounds!
You block the nagaraja's attack.
You feel very sick.
The nagaraja is engulfed in freezing vapours.
The nagaraja casts a spell at you. The bolt of poison hits you!!!
You are more poisoned.
* * * LOW HITPOINT WARNING * * *
You block the nagaraja's attack.
The nagaraja is engulfed in freezing vapours.
You kill the nagaraja!
Qazlal accepts your kill.
The nagaraja hits you from afar with a +1 vampiric halberd!
* * * LOW HITPOINT WARNING * * *
You feel protected from physical attacks.
The nagaraja draws strength from your wounds!
There is a stone staircase leading up, spattered with blood here.
You feel much better.
* * * LOW HITPOINT WARNING * * *
You feel extremely sick. The nagaraja spits poison at you.
The splash of poison reflects off an invisible shield around you!
The splash of poison misses the nagaraja.
Okay, then.
You feel better.
The nagaraja points at you and mumbles some strange words.
The bolt of poison hits you!!
You are lethally poisoned!
You die...

#...#########...##
#.......## .....
..........## ###.)...# ...#
#..........######^...## ..#
##)## #...........)..# †N##
#...# #.....###.#...#
#NN####...# ##.....###.#..##
##.).##...####)............#
##.N###..NNNNN§########...#
##N....[..###.@## #...#
##..)....# ##..# ##..#
##.....## ##.## ####.######
##..### #..####..........
##..########....#..).......
##.............#......#...
##.................#.# ##
##..)...[........####
##..)######.##...#


You could see a nagaraja (fast, very poisoned, catching breath), a naga
ritualist and 3 nagas.

Vanquished Creatures
  Rupert (D:14)
  Jorgrun (Lair:2)
  Frances (D:13)
  Gastronok (D:10)
  Roxanne (D:15)
  3 nagarajas (Snake:4)
  A frost giant (D:15)
  Aizul (Snake:3)
  An orc warlord (Orc:1)
  Azrael (Snake:3)
  Nessos (D:14)
  An entropy weaver (shapeshifter) (Gauntlet)
  A minotaur (Gauntlet)
  A spark wasp (shapeshifter) (Gauntlet)
  2 green deaths
  A fire dragon (D:10)
  The ghost of Zenn the Severer, a journeyman TeBe of Trog (D:14)
  Harold (D:11)
  5 boulder beetles
  3 salamander tyrants (Snake:4)
  2 hydras
  Erica (D:11)
  Erolcha (D:9)
  2 ogre magi
  14 anacondas
  14 naga warriors
  3 catoblepae
  5 centaur warriors
  7 two-headed ogres
  A death scarab (Gauntlet)
  10 shock serpents
  2 tengu warriors (D:15)
  3 death yaks (D:11)
  3 thrashing horrors (Lair:6)
  22 naga sharpshooters
  3 orc high priests
  Amaemon (D:8)
  Sonja (D:10)
  2 salamander mystics
  A fire crab (shapeshifter) (Gauntlet)
  Lodul (D:10)
  A death drake (shapeshifter) (Lair:6)
  A sea snake (Snake:2)
  3 skeletal warriors (D:15)
  A phantasmal warrior (D:13)
  3 deep elf pyromancers
  10 naga ritualists
  6 orc knights
  6 mana vipers
  An oklob plant (Lair:3)
  18 salamanders
  A deep elf zephyrmancer (Orc:1)
  8 cyclopes
  13 ugly things
  2 manticores
  4 orc sorcerers (Orc:2)
  Joseph (D:7)
  Maurice (D:8)
  26 naga magi
  43 black mambas
  2 merfolk sirens (Lair:4)
  3 guardian serpents (Snake:4)
  3 ice statues
  A torpor snail (Lair:4)
  7 cane toads
  2 smoke demons (Lair:6)
  8 gargoyles
  A komodo dragon (shapeshifter) (Lair:6)
  An orange demon (D:8)
  2 efreet
  A tormentor (Abyss:1)
  10 komodo dragons
  3 rime drakes
  2 freezing wraiths
  2 unseen horrors
  2 ancient zymes (Lair:6)
  2 ice devils (D:11)
  A meliai (shapeshifter) (Lair:6)
  2 merfolk (Lair:4)
  3 meliai (D:15)
  6 trolls
  31 blink frogs
  10 dream sheep
  Prince Ribbit (D:8)
  A raiju (Abyss:1)
  A snapping turtle (shapeshifter) (D:13)
  10 slime creatures
  A shadow (D:10)
  A spriggan (Lair:6)
  3 wraiths (D:9)
  5 wyverns
  A ynoxinul (Abyss:1)
  2 basilisks
  A yak (shapeshifter) (Gauntlet)
  A steam dragon (Lair:4)
  Grum (D:11)
  16 humans (D:14)
  2 large abominations (Lair:6)
  54 yaks
  7 vampire mosquitoes
  A chaos spawn (Lair:6)
  3 fire elementals (Snake:3)
  12 small abominations
  A warg (Orc:2)
  2 acid dragons (D:13)
  13 water moccasins
  52 nagas
  2 hell hounds (Snake:3)
  A swamp drake (Orc:1)
  30 orc warriors
  A spectral torpor snail (Gauntlet)
  2 sky beasts (D:7)
  2 ice beasts
  A black bear (D:5)
  9 ogres
  32 wolves
  14 centaurs
  2 phantoms (D:6)
  3 kobold brigands
  13 bullfrogs
  A necrophage (D:7)
  3 scorpions
  2 gnoll sergeants
  An elephant simulacrum (IceCv)
  15 killer bees
  2 vampire bats (Lair:1)
  4 howler monkeys
  12 electric eels
  A crimson imp (Orc:1)
  22 orc priests
  2 hounds
  3 jellies
  An iron imp (Orc:1)
  Crazy Yiuf (D:4)
  2 iguanas
  Terence (D:3)
  25 orc wizards
  Natasha (thrice) (D:4)
  3 polar bear simulacra (IceCv)
  Robin (D:3)
  18 gnolls
  7 adders
  2 shadow imps
  3 white imps
  An ufetubus (D:7)
  2 worms
  4 dart slugs
  82 orcs
  4 ball pythons
  13 bats
  9 endoplasms
  2 giant cockroaches
  15 goblins
  10 hobgoblins
  6 jackals
  2 quokkas
  4 frilled lizards
  26 kobolds
  3 rats (D:1)
1004 creatures vanquished.

Vanquished Creatures (others)
  A black mamba (Snake:4)
  A naga (Snake:4)
  An orc priest (Orc:1)
  3 orc wizards (Orc:1)
  4 orcs (Orc:1)
  15 fungi
  29 plants
54 creatures vanquished.

Grand Total: 1058 creatures vanquished

Notes
Turn   | Place    | Note
-------+----------+-------------------------------------------
     0 | D:1      | Toastz the Troll Fighter began the quest for the Orb.
     0 | D:1      | Reached XP level 1. HP: 22/22 MP: 0/0
   148 | D:1      | Reached XP level 2. HP: 29/29 MP: 1/1
   320 | D:1      | Reached skill level 3 in Unarmed Combat
   320 | D:1      | Reached XP level 3. HP: 20/36 MP: 2/2
  1233 | D:2      | Found Quzu's Magic Scroll Shoppe.
  1267 | D:2      | Reached XP level 4. HP: 36/45 MP: 3/3
  1601 | D:3      | Noticed Terence
  1608 | D:3      | Killed Terence
  1609 | D:3      | Reached skill level 4 in Unarmed Combat
  1714 | D:3      | Found a faded altar of an unknown god.
  1717 | D:3      | Noticed an ice beast
  1724 | D:3      | Killed an ice beast
  1725 | D:3      | Reached XP level 5. HP: 53/53 MP: 4/4
  1733 | D:3      | Prayed at the altar of an unknown god.
  1733 | D:3      | Became a worshipper of Qazlal Stormbringer
  1733 | D:3      | Reached * piety under Qazlal
  1878 | D:3      | Noticed Robin
  1900 | D:3      | Killed Robin
  2005 | D:3      | Reached skill level 5 in Unarmed Combat
  2005 | D:3      | Reached XP level 6. HP: 61/61 MP: 5/5
  2324 | D:4      | Reached ** piety under Qazlal
  2368 | D:4      | Noticed Natasha
  2377 | D:4      | Killed Natasha
  2429 | D:4      | Noticed Natasha
  2433 | D:4      | Killed Natasha
  2445 | D:4      | Found a burning altar of Makhleb.
  2689 | D:4      | Found a runed translucent door.
  2690 | D:4      | Noticed Crazy Yiuf
  2793 | D:4      | Found a stormy altar of Qazlal.
  2862 | D:4      | Noticed Natasha
  2865 | D:4      | Killed Natasha
  3055 | D:4      | Killed Crazy Yiuf
  3091 | D:5      | Entered Level 5 of the Dungeon
  3195 | D:5      | Reached XP level 7. HP: 68/70 MP: 6/6
  3254 | D:5      | Found Plog's Armour Boutique.
  3357 | D:5      | Reached skill level 6 in Unarmed Combat
  3556 | D:5      | Found a shimmering altar of Xom.
  3557 | D:5      | Found a hazy altar of Hepliaklqana.
  3558 | D:5      | Noticed a spectral ugly thing
  3793 | D:6      | Found a sacrificial altar of Ru.
  3850 | D:6      | Reached *** piety under Qazlal
  3898 | D:6      | Found a staircase to the Ecumenical Temple.
  3932 | D:6      | Reached skill level 7 in Unarmed Combat
  3956 | D:6      | Reached XP level 8. HP: 77/79 MP: 7/7
  4057 | D:6      | Noticed a troll
  4079 | D:6      | Killed a troll
  4080 | D:6      | Reached skill level 5 in Fighting
  4080 | D:6      | Reached skill level 5 in Shields
  4080 | D:6      | Reached skill level 8 in Unarmed Combat
  4302 | D:6      | Reached skill level 1 in Invocations
  4405 | D:6      | Found a snail-covered altar of Cheibriados.
  4712 | D:7      | Noticed Joseph
  4727 | D:7      | Killed Joseph
  4728 | D:7      | Reached skill level 9 in Unarmed Combat
  4728 | D:7      | Reached XP level 9. HP: 86/88 MP: 9/9
  5435 | D:7      | Reached **** piety under Qazlal
  5492 | D:7      | Found a shadowy altar of Dithmenos.
  5541 | D:7      | Found a bloodstained altar of Trog.
  5622 | D:7      | Reached skill level 10 in Unarmed Combat
  5876 | D:8      | Noticed Prince Ribbit
  5898 | D:8      | Killed Prince Ribbit
  6004 | D:8      | Noticed Amaemon
  6004 | D:8      | Noticed an orange demon
  6031 | D:8      | Killed Amaemon
  6032 | D:8      | Reached XP level 10. HP: 94/100 MP: 3/11
  6036 | D:8      | Reached skill level 11 in Unarmed Combat
  6047 | D:8      | Killed an orange demon
  6367 | D:8      | Noticed Maurice
  6404 | D:8      | Killed Maurice
  6731 | D:9      | Noticed Erolcha
  6732 | D:9      | Cast into level 2 of the Abyss (Erolcha)
  6732 | Abyss:2  | Noticed an eye of devastation
  6738 | Abyss:2  | Found a corrupted altar of Lugonu.
  6743 | D:9      | Escaped the Abyss
  6746 | D:9      | Killed Erolcha
  6892 | D:9      | Reached skill level 12 in Unarmed Combat
  7033 | D:9      | Noticed a five-headed hydra
  7045 | D:9      | Killed a six-headed hydra
  7132 | D:9      | Reached XP level 11. HP: 110/110 MP: 12/12
  7764 | D:10     | Entered Level 10 of the Dungeon
  7767 | D:10     | Noticed Sonja
  7785 | D:10     | Cast into level 1 of the Abyss (Sonja)
  7787 | Abyss:1  | Noticed a large abomination
  7952 | Abyss:1  | Noticed a skeletal warrior
  7962 | Abyss:1  | Noticed a skeletal warrior
  7992 | Abyss:1  | Noticed a starcursed mass
  8033 | D:10     | Escaped the Abyss
  8035 | D:10     | Killed Sonja
  8124 | D:10     | Reached skill level 13 in Unarmed Combat
  8131 | D:10     | Found a glowing silver altar of Zin.
  8238 | D:10     | Noticed Gastronok
  8255 | D:10     | Killed Gastronok
  8435 | D:10     | Found a large runed translucent door.
  8435 | D:10     | Found a large runed translucent door.
  8439 | D:10     | Noticed a centaur warrior
  8440 | D:10     | Noticed an ogre mage
  8450 | D:10     | Found a large runed translucent door.
  8450 | D:10     | Found a large runed translucent door.
  8478 | D:10     | Noticed Lodul
  8483 | D:10     | Killed Lodul
  8494 | D:10     | Noticed a boulder beetle
  8503 | D:10     | Killed a boulder beetle
  8504 | D:10     | Reached skill level 5 in Invocations
  8584 | D:10     | Reached skill level 14 in Unarmed Combat
  8589 | D:10     | Noticed a fire dragon
  8601 | D:10     | Killed a fire dragon
  8886 | D:11     | Reached XP level 12. HP: 119/122 MP: 14/14
  8938 | D:11     | Noticed Erica
  8942 | D:11     | Noticed a boulder beetle
  8953 | D:11     | Killed Erica
  8954 | D:11     | Noticed a death yak
  8967 | D:11     | Noticed a death yak
  8969 | D:11     | Killed a boulder beetle
  8974 | D:11     | Noticed a death yak
  8976 | D:11     | Killed a death yak
  8982 | D:11     | Killed a death yak
  8983 | D:11     | Reached skill level 15 in Unarmed Combat
  8991 | D:11     | Killed a death yak
  9040 | D:11     | Found Moacim's Magic Scroll Shop.
  9043 | D:11     | Noticed Harold
  9056 | D:11     | Killed Harold
  9066 | D:11     | Found a staircase to the Lair.
  9071 | D:11     | Bought a scroll of teleportation for 33 gold pieces
  9071 | D:11     | Bought a scroll of teleportation for 33 gold pieces
  9071 | D:11     | Bought a scroll of teleportation for 33 gold pieces
  9071 | D:11     | Bought a scroll of blinking for 82 gold pieces
  9071 | D:11     | Bought a scroll of identify for 22 gold pieces
  9071 | D:11     | Bought 2 scrolls of identify for 44 gold pieces
  9071 | D:11     | Bought a scroll of identify for 22 gold pieces
  9127 | D:11     | Found a frozen archway.
  9148 | IceCv    | Entered an ice cave
  9162 | IceCv    | Found a transporter.
  9172 | IceCv    | Found a transporter.
  9451 | D:11     | Noticed Grum
  9462 | D:11     | Reached ***** piety under Qazlal
  9464 | D:11     | Killed Grum
  9507 | D:11     | Reached skill level 10 in Fighting
  9513 | D:11     | Reached skill level 16 in Unarmed Combat
  9555 | D:11     | Found a staircase to the Orcish Mines.
  9598 | D:11     | Found a sacrificial altar of Ru.
 10142 | Lair:1   | Entered Level 1 of the Lair of Beasts
 10429 | Lair:1   | Reached XP level 13. HP: 133/133 MP: 15/15
 11144 | Lair:2   | Found a staircase to the Snake Pit.
 11416 | Lair:3   | Reached skill level 17 in Unarmed Combat
 11453 | Lair:3   | Reached ****** piety under Qazlal
 12077 | Lair:4   | Found a gate leading to a gauntlet.
 12109 | Gauntlet | Entered a Gauntlet
 12109 | Gauntlet | Found a transporter.
 12109 | Gauntlet | Found a transporter.
 12113 | Gauntlet | Found a transporter.
 12114 | Gauntlet | Found a transporter.
 12121 | Gauntlet | Found a transporter.
 12140 | Gauntlet | Found a transporter.
 12148 | Gauntlet | Found a transporter.
 12150 | Gauntlet | Found a transporter.
 12150 | Gauntlet | Found a transporter.
 12154 | Gauntlet | Found a transporter.
 12161 | Gauntlet | Noticed a reaper
 12188 | Gauntlet | Found a transporter.
 12208 | Gauntlet | Found a transporter.
 12241 | Gauntlet | Found a transporter.
 12263 | Gauntlet | Found a transporter.
 12358 | Gauntlet | Found a transporter.
 12372 | Gauntlet | Found a transporter.
 12573 | Gauntlet | Noticed a bunyip
 12573 | Gauntlet | an alligator changed into a bunyip
 12579 | Gauntlet | Noticed a broodmother
 12579 | Gauntlet | a bunyip changed into a broodmother
 12591 | Gauntlet | a broodmother changed into a goliath frog
 12597 | Gauntlet | Noticed a fire dragon
 12597 | Gauntlet | an alligator changed into a fire dragon
 12607 | Gauntlet | a fire dragon changed into a great orb of eyes
 12611 | Gauntlet | Noticed a bunyip
 12611 | Gauntlet | a boulder beetle changed into a bunyip
 12617 | Gauntlet | a bunyip changed into a seven-headed hydra
 12639 | Gauntlet | Noticed an entropy weaver
 12639 | Gauntlet | a jorogumo changed into an entropy weaver
 12644 | Gauntlet | Killed an entropy weaver
 12648 | Gauntlet | Noticed a spark wasp
 12648 | Gauntlet | a dream sheep changed into a spark wasp
 12653 | Gauntlet | Killed a spark wasp
 12697 | Gauntlet | Identified the +3 helmet "Gocrui" {+Inv rF- Regen+ Dex+4}
 12726 | Gauntlet | Noticed a minotaur
 12734 | Gauntlet | Killed a minotaur
 12776 | Gauntlet | Identified the +0 chain mail "Gatemuqe" {rF+}
 12777 | Gauntlet | Got the Almanac of Evil
 12781 | Gauntlet | Upgraded the game from 0.29-a0-483-g69413ac to
                  | 0.29-a0-484-g0e957ee
 12994 | Lair:4   | Reached skill level 1 in Armour
 13128 | Lair:4   | Found a staircase to the Shoals.
 13660 | Lair:4   | Reached XP level 14. HP: 146/146 MP: 16/16
 13664 | Lair:4   | Reached skill level 18 in Unarmed Combat
 14085 | Lair:5   | Found a viscous altar of Jiyva.
 14085 | Lair:5   | Found a staircase to the Slime Pits.
 14430 | Lair:6   | Entered Level 6 of the Lair of Beasts
 14498 | Lair:6   | Identified the ring "Zophoxtep" {rElec rF+}
 15074 | Lair:6   | Found a corrupted altar of Lugonu.
 15074 | Lair:6   | Found a one-way gate to the infinite horrors of the Abyss.
 15086 | Lair:6   | Reached skill level 19 in Unarmed Combat
 15123 | Lair:6   | Got A Primer on the Arcane Arts
 15850 | Orc:1    | Entered Level 1 of the Orcish Mines
 15947 | Orc:2    | Entered Level 2 of the Orcish Mines
 16254 | Orc:2    | Noticed an orc warlord
 16276 | Orc:1    | Killed an orc warlord
 16501 | Orc:2    | Found a staircase to the Elven Halls.
 17111 | Orc:2    | Found Moplim's Antique Armour Emporium.
 17112 | Orc:2    | Found Ceth's Antique Weapon Shoppe.
 17114 | Orc:2    | Found Isoom's General Store.
 17114 | Orc:2    | Found Pakleatz's Jewellery Emporium.
 17119 | Orc:2    | Bought a scroll of identify for 26 gold pieces
 17918 | D:10     | Reached XP level 15. HP: 109/157 MP: 17/17
 18741 | D:12     | Identified the +3 robe of Wasted Space {rC+}
 18856 | D:13     | Reached skill level 20 in Unarmed Combat
 19058 | D:13     | Noticed Frances
 19070 | D:13     | Killed Frances
 19371 | D:14     | Noticed Rupert
 19371 | D:14     | Noticed Nessos
 19371 | D:14     | Found a gate to the Vaults.
 19411 | D:14     | Killed Nessos
 19434 | D:14     | Killed Rupert
 19463 | D:14     | Reached skill level 10 in Shields
 19531 | D:14     | Found a runed translucent door.
 19532 | D:14     | Noticed Zenn's ghost (journeyman TeBe)
 19867 | D:14     | Identified a scroll of acquirement
 19868 | D:14     | Acquired 761 gold pieces
 20237 | D:14     | Killed Zenn's ghost
 20280 | D:15     | Entered Level 15 of the Dungeon
 20759 | D:15     | Noticed Roxanne
 20770 | D:15     | Killed Roxanne
 20894 | D:15     | Paralysed by something for 4 turns
 21349 | D:15     | Found a staircase to the Depths.
 21410 | D:15     | Noticed a frost giant
 21417 | D:15     | Killed a frost giant
 21418 | D:15     | Reached skill level 21 in Unarmed Combat
 21418 | D:15     | Reached XP level 16. HP: 146/169 MP: 20/20
 21637 | Snake:1  | Entered Level 1 of the Snake Pit
 21726 | Snake:1  | Noticed Jorgrun
 21792 | Lair:2   | Killed Jorgrun
 22229 | Snake:1  | Found Racabupi's General Store.
 22312 | Snake:1  | Identified the +7 shortbow "Xuis Uli" {freeze, rPois Str-3
                  | Int+7 Dex-5}
 22538 | Snake:1  | Found Paawilis's Jewellery Shop.
 22621 | Snake:1  | Found Voiplaro's Distillery.
 22634 | Snake:1  | Bought a potion of curing for 48 gold pieces
 22634 | Snake:1  | Bought a potion of resistance for 160 gold pieces
 22634 | Snake:1  | Bought a potion of heal wounds for 80 gold pieces
 22634 | Snake:1  | Bought a potion of heal wounds for 80 gold pieces
 22634 | Snake:1  | Bought a potion of lignification for 48 gold pieces
 22634 | Snake:1  | Bought a potion of attraction for 48 gold pieces
 22956 | Snake:2  | Reached skill level 22 in Unarmed Combat
 23067 | Snake:2  | Reached skill level 5 in Armour
 23123 | Snake:2  | Found a runed translucent gate.
 23123 | Snake:2  | Found a runed translucent gate.
 23123 | Snake:2  | Found a runed translucent gate.
 23494 | Snake:2  | Found a runed translucent door.
 24092 | Snake:2  | Identified the +1 cloak of Iwkor {-Cast rN++}
 24165 | Snake:3  | Noticed Aizul
 24175 | Snake:3  | Killed Aizul
 24175 | Snake:3  | Noticed Azrael
 24189 | Snake:3  | Killed Azrael
 24243 | Snake:3  | Reached XP level 17. HP: 176/176 MP: 22/22
 24544 | Snake:3  | Identified the +6 halberd "Xajoloh" {vorpal, Str+6}
 24587 | Snake:3  | Found Siad's Distillery.
 24595 | Snake:3  | Bought a potion of might for 52 gold pieces
 24595 | Snake:3  | Bought a potion of might for 52 gold pieces
 24595 | Snake:3  | Bought a potion of berserk rage for 65 gold pieces
 25194 | Snake:4  | Entered Level 4 of the Snake Pit
 25456 | Snake:4  | Reached skill level 23 in Unarmed Combat
 25478 | Snake:4  | Found a runed translucent door.
 25479 | Snake:4  | Found a shimmering altar of Xom.
 26252 | Snake:4  | HP: 1/176 [nagaraja/+1 vampiric halberd (17)]
 26254 | Snake:4  | Killed from afar by a nagaraja

Illustrated notes

Levels and vault maps discovered:
D:1:      amcnicky_arrival_single_pillar, layout_basic, st_stairs_9
D:2:      minmay_evil_eye, layout_basic, serial_shops, shop
D:3:      layout_loops_cross, nicolae_ecumenical_pavilion,
          nicolae_grassy_gnolls, uniq_terence, uniq_robin
D:4:      layout_basic, mainiacjoe_overflow_catch_the_wave,
          uniq_crazy_yiuf_cottage, uniq_natasha
D:5:      layout_loops_ring, regret_index_temple_of_mockery, serial_shops, shop,
          nicolae_figureground_pulse
D:6:      layout_basic, mainiacjoe_overflow_six_doors_small,
          kennysheep_mini_moat, minmay_temple_entry_mist, minivault_14,
          minmay_increasing_density
D:7:      layout_loops_corners, mainiacjoe_overflow_divided_tiny, uniq_joseph
D:8:      layout_basic, uniq_amaemon, uniq_maurice, uniq_prince_ribbit1
D:9:      layout_stronghold, uniq_erolcha, uniq_maggie
D:10:     layout_layer_cave, amcnicky_altar_gilded,
          minmay_hollow_rounded_squares, uniq_lodul, uniq_sonja, uniq_gastronok
D:11:     layout_basic, dpeg_lair_monsters, david_orc_5, serial_shops,
          shop_fountains, portal_ice_cave_demonic_guard,
          nicolae_ru_sacrificial_ziggurat, uniq_harold, uniq_erica, uniq_grum
D:12:     layout_long_grid
D:13:     layout_rooms, evilmike_minifort, uniq_frances
D:14:     layout_basic, david_vaults_3, minmay_misc_feat_cross,
          gammafunk_ghost_grave, nicolae_straight_to_the_point
D:15:     grunt_enter_depths_snipers, layout_stronghold, roderic_roman_lattice,
          amethyst_killhole, uniq_roxanne
Lair:1:   layout_cave_pods, chequers_serial_rivers_micro_d,
          chequers_serial_rivers_micro_e, roderic_batcave
Lair:2:   layout_cave_shapes, minmay_snake_entry_guardpost_large,
          lemuel_fruit_fields
Lair:3:   layout_misc_corridors, minmay_lair_oklob_items, serial_bayou_lake_a,
          infiniplex_staircase_pool
Lair:4:   layout_small_grid, elwin_shoals_entry_stream, gauntlet_entry_generic
Lair:5:   layout_concentric_octagons, slime_altar_1, grunt_megastairs_4,
          uniq_nessos
Lair:6:   hellmonk_lair_end_abyssal_woods, layout_cave_shapes
Snake:1:  nicolae_snake_shooting_gallery, layout_misc_corridors, serial_shops,
          nicolae_shop_advertising_works [nicolae_subvault_shop_adworks],
          nicolae_diamond_shop, nicolae_take_the_stairs, uniq_rupert,
          uniq_jorgrun
Snake:2:  cheibrodos_toxic_ritual, layout_misc_corridors,
          nicolae_snake_horde_hoard
Snake:3:  layout_layer_cave, minmay_shop_star, grunt_megastairs_1, uniq_aizul,
          uniq_azrael
Snake:4:  johnstein_snake_rune_scales, layout_misc_corridors, ebering_ghost_xom
Orc:1:    layout_diamond_mine, hangedman_minor_magic
Orc:2:    st_orc_congregation, layout_diamond_mine

Skill      XL: |  1  2  3  4  5  6  7  8  9 10 11 12 13 14 15 16 17 |
---------------+----------------------------------------------------+-----
Unarmed Combat | 3 4 5 7 9 10 12 14 16 17 19 21 22 23 | 23.6
Fighting       | 3 4 5 6 7 8 10 11 12 13 | 13.0
Shields        | 3 4 5 7 8 9 10 12 | 12.8
Invocations    | 2 3 5 7 8 |  8.0
Armour         | 1 3 5 |  5.0
Dodging        | |  2.4

Action                   |  1- 3 |  4- 6 |  7- 9 | 10-12 | 13-15 | 16-18 || total
-------------------------+-------+-------+-------+-------+-------+-------++-------
Melee: Unarmed           |   106 |   157 |   322 |   530 |  1179 |   694 ||  2988
Throw: Boomerang         |     9 |     9 |    37 |    16 |    52 |    21 ||   144
       Large rock        |       |       |       |       |     6 |    11 ||    17
       Dart              |       |       |       |       |     3 |     2 ||     5
       Javelin           |       |       |       |       |       |    18 ||    18
Invok: Upheaval          |       |       |     3 |     3 |     1 |     4 ||    11
       Elemental Force   |       |       |       |     1 |       |       ||     1
Evoke: Wand              |       |       |     2 |    11 |     7 |       ||    20
  Use: Scroll            |       |    13 |     2 |    13 |    13 |     7 ||    48
       Potion            |       |       |       |     1 |       |     4 ||     5
 Stab: Sleeping          |     2 |       |       |       |       |       ||     2
       Petrifying        |       |       |       |       |     2 |       ||     2
       Petrified         |       |       |       |       |     2 |       ||     2
Armor: Robe              |    40 |    46 |    40 |       |       |       ||   126
       Troll leather arm |       |       |    66 |   109 |   205 |   110 ||   490
Dodge: Dodged            |    37 |    31 |    60 |   115 |   227 |   142 ||   612
       Repelled          |       |       |     1 |     7 |     4 |    28 ||    40
Block: Kite shield       |    29 |    78 |   222 |   440 |  1146 |   447 ||  2362
       Other             |       |       |     1 |       |       |       ||     1
       Reflection        |       |       |     5 |    18 |    54 |   178 ||   255
       Tower shield      |       |       |       |       |       |   544 ||   544

Table legend: (Time is in decaauts)
 A = Elapsed time spent in this place.
 B = Non-inter-level travel time spent in this place.
 C = Inter-level travel time spent in this place.
 D = Time resting spent in this place.
 E = Time spent auto-exploring this place.
 F = Levels seen in this place.
 G = Mean time per level.
                   A        B        C        D        E       F      G
               +--------+--------+--------+--------+--------+-----+--------+
         Total |  25923 |  24289 |   1634 |   1213 |  15890 |  31 |  836.2 |
       Dungeon |  13428 |  12680 |    748 |    221 |   9371 |  15 |  895.2 |
          Lair |   5256 |   5011 |    245 |    380 |   3397 |   6 |  876.0 |
     Snake Pit |   4210 |   3714 |    496 |    283 |   1937 |   4 | 1052.5 |
  Orcish Mines |   1994 |   1851 |    143 |    262 |    894 |   2 |  997.0 |
         Abyss |    255 |    255 |      0 |      0 |      0 |   2 |  127.5 |
      Ice Cave |    102 |    102 |      0 |     19 |      0 |   1 |  102.0 |
      Gauntlet |    675 |    675 |      0 |     48 |    291 |   1 |  675.0 |
               +--------+--------+--------+--------+--------+-----+--------+

Top non-repeatable levels by time:
    D:11: 1336 daAuts
  Lair:6: 1256 daAuts
 Snake:2: 1249 daAuts
 Snake:3: 1187 daAuts
     D:9: 1123 daAuts
    D:15: 1108 daAuts
     D:7: 1043 daAuts
   Orc:2: 1016 daAuts
  Lair:4: 999 daAuts
    D:14: 994 daAuts
   Orc:1: 978 daAuts
 Snake:1: 977 daAuts
     D:6: 916 daAuts
     D:1: 913 daAuts
    D:10: 874 daAuts
